 Dungeon Sprint DCSS version 0.30.1-11-g7821555f0a (webtiles) character file.

Game seed: 11651316759651754845

6836 Groucho the Eclecticist (level 10, 0/56 HPs)
             Began as a Deep Elf Earth Elementalist on Jan 1, 2024.
             Was the Champion of Sif Muna.
             Slain by a shadow wraith (25 damage)
             ... in the Dungeon (Sprint VII: "The Pits").
             The game lasted 00:12:49 (5409 turns).

Groucho the Eclecticist (DEEE)                      Turns: 5409, Time: 00:12:50

Health: 0/56       AC:  3    Str:  8    XL:     10   Next: 77%
Magic:  16/32      EV: 14    Int: 25    God:    Sif Muna [******]
Gold:   8          SH:  0    Dex: 18    Spells: 0/41 levels left

rFire   . . .        h - +2 dagger
rCold   . . .        (no shield)
rNeg    . . .        a - +0 robe
rPois   .            q - +0 helmet
rElec   .            (no cloak)
rCorr   .            (no gloves)
SInv    .            (no boots)
Will    +....        (no amulet)
Stlth   +++++        m - +3 ring of dexterity
HPRegen 0.29/turn    n - +3 ring of strength
MPRegen 0.23/turn

%: no teleportation
@: lethally poisoned (0 -> -3), slowed, very slow
A: no striking features
a: Renounce Religion, Channel Magic, Forget Spell, Divine Exegesis


You were in the Dungeon.
You worshipped Sif Muna.
Sif Muna was exalted by your worship.
You visited 1 branch You collected 8 gold pieces.

Inventory:

Hand Weapons
 h - a +2 dagger (weapon)
 p - a +2 rapier of electrocution
Armour
 a - a +0 robe (worn)
 l - a +3 ring mail
 q - a +0 helmet (worn)
Jewellery
 m - a +3 ring of dexterity (left hand)
 n - a +3 ring of strength (right hand)
Wands
 r - a wand of quicksilver (6)
Scrolls
 j - 5 scrolls of amnesia
 k - a scroll of butterflies
Potions
 b - 4 potions of magic
 c - 6 potions of curing
 d - 12 potions of heal wounds
 e - a potion of haste
 f - 4 potions of berserk rage
 i - 2 potions of invisibility
 o - a potion of brilliance


   Skills:
 - Level 3.0 Fighting
 + Level 9.5 Short Blades
 - Level 5.0 Dodging
 + Level 11.6 Stealth
 + Level 16.3 Spellcasting
 + Level 12.6 Conjurations
 + Level 1.0 Necromancy
 - Level 10.0 Transmutations
 + Level 6.0 Fire Magic
 + Level 11.6 Earth Magic


You couldn't memorise any spells.
You knew the following spells:

 Your Spells              Type           Power      Damage    Failure   Level
a - Sandblast             Erth           100%       2d20      1%          1
b - Stone Arrow           Conj/Erth      100%       3d13      1%          3
c - Petrify               Tmut/Erth      65%        N/A       1%          4
d - Lee's Rapid Deconstr  Erth           34%        3d17*     1%          5
e - Iskenderun's Battles  Conj           70%        2d12      1%          5
f - Fireball              Conj/Fire      30%        3d13      1%          5
g - Orb of Destruction    Conj           35%        9d10      12%         7
h - Iron Shot             Conj/Erth      34%        9d7       2%          6
i - Borgnjor's Vile Clut  Necr/Erth      25%        N/A       5%          5

Your spell library contained the following spells:

 Spells                   Type           Power      Damage    Failure   Level
 Kiss of Death            Conj/Necr      100%       2d13      1%          1
 Passwall                 Tmut/Erth      54%        N/A       1%          2
 Blade Hands              Tmut           31%        N/A       1%          5
 Animate Armour           Summ/Erth      98%        N/A       2%          4
 Statue Form              Tmut/Erth      43%        N/A       4%          6
 Arcjolt                  Conj/Air       25%        1d35      5%          5
 Yara's Violent Unravell  Hex/Tmut       22%        3d10      10%         5
 Freezing Cloud           Conj/Ice/Air   20%        6-21      13%         5
 Conjure Ball Lightning   Conj/Air       25%        3x3d7     30%         6
 Summon Forest            Summ/Tloc      10%        N/A       58%         5
 Summon Mana Viper        Hex/Summ       20%        N/A       58%         5


Dungeon Overview and Level Annotations

Branches:
Dungeon (1/1)

Altars:
Ashenzari
Cheibriados
Dithmenos
Elyvilon
Fedhas
Gozag
Hepliaklqana
Kikubaaqudgha
Makhleb
Nemelex Xobeh
Okawaru
Qazlal
Ru
Sif Muna
Trog
Uskayaw
Vehumet
Wu Jian
Xom
Yredelemnul
Zin
The Shining One
Jiyva
Lugonu


Message History

Press: ? - help, Shift-Dir - straight line, f/p - killer bee
Aim: a killer bee (55% to hit)
The stone arrow hits the killer bee!
The killer bee is almost dead.
The spriggan shouts!
The killer bee buzzes angrily.
You feel very sick.
You hear an angry buzzing noise.
The killer bee barely misses you. x2
Unknown command.
Casting: Stone Arrow (safe; 1% risk of failure)
Confirm with . or Enter, or press ? or * to list all spells.
Aiming: Stone Arrow (safe; 1% risk of failure)
Press: ? - help, Shift-Dir - straight line, f - warg, p - killer bee
Aim: a warg (72% to hit)
The stone arrow hits the killer bee!
You kill the killer bee!
Sif Muna accepts your kill.
You feel sick.
Your Necromancy skill increases to level 1!
Unknown command.
Unknown command.
Casting: Stone Arrow (safe; 1% risk of failure)
Confirm with . or Enter, or press ? or * to list all spells.
Aiming: Stone Arrow (safe; 1% risk of failure)
Press: ? - help, Shift-Dir - straight line, f/p - warg
Aim: a warg (72% to hit)
The stone arrow hits something!
You feel sick. Something hits you!! Something drains your vigour!
You feel yourself slow down.
Deactivating autopickup; reactivate with Ctrl-A.
Unknown command.
Unknown command.
Casting: Stone Arrow (safe; 1% risk of failure)
Confirm with . or Enter, or press ? or * to list all spells.
Aiming: Stone Arrow (safe; 1% risk of failure)
Press: ? - help, Shift-Dir - straight line, f - spriggan, p - warg
Aim: a spriggan, wielding a +0 dagger and wearing a +0 robe (55% to hit)
The stone arrow hits something!
You feel sick. The warg misses you.
The killer bee stings you but does no damage.
Something hits you!!
You die...

''###### ''###########
###### ......'..'...##
..... ......'..'.....##
.... .....##..##...†.##
...# ...###...)###....#
...#
..##........###.###..# y
''#...#..#...#...h#..#....
.............'..@{'i.'....
''#...#..#...#...y#†.#....
..##........###.###..# .
...###....###....# ...#
.....##..##.....## 4..#
#.....'..'.....## ....
###...'..'...### .....
############ ######


You could see a warg, a spriggan and a killer bee.

Vanquished Creatures
  A boulder beetle (D)
  An orc high priest (D)
  A sun demon (D)
  2 elephants (D)
  Maurice (D)
  A freezing wraith (D)
  2 unseen horrors (D)
  An ice devil (D)
  2 efreet (D)
  A flying skull (D)
  A jumping spider (D)
  A fire elemental (D)
  A redback (D)
  7 vampire mosquitoes (D)
  A water moccasin (D)
  A floating eye (D)
  An orc warrior (D)
  3 black bears (D)
  A wolf (D)
  An ogre (D)
  A phantom (D)
  A scorpion (D)
  A killer bee (D)
  A quasit (D)
  A hound (D)
  2 orc priests (D)
  An iguana (D)
  An orc wizard (D)
  3 river rats (D)
  An adder (D)
  An ufetubus (D)
  An adder simulacrum (D)
  4 orcs (D)
  2 hobgoblins (D)
  A quokka (D)
  A ball python skeleton (D)
  A frilled lizard (D)
  A kobold (D)
56 creatures vanquished.

Notes
Turn   | Place    | Note
-------+----------+-------------------------------------------
     0 | D        | Groucho the Deep Elf Earth Elementalist began the quest for
                  | the Orb.
     0 | D        | Reached XP level 1. HP: 10/10 MP: 6/6
    12 | D        | Reached skill level 4 in Spellcasting
    12 | D        | Reached XP level 2. HP: 15/15 MP: 5/9
   272 | D        | Found a bloodstained altar of Trog.
   272 | D        | Found a shimmering blue altar of Sif Muna.
   272 | D        | Found a viscous altar of Jiyva.
   272 | D        | Found a hazy altar of Hepliaklqana.
   272 | D        | Found an opulent altar of Gozag.
   273 | D        | Found a glowing golden altar of the Shining One.
   273 | D        | Found a glowing silver altar of Zin.
   273 | D        | Found a basalt altar of Yredelemnul.
   273 | D        | Found a shimmering altar of Xom.
   273 | D        | Found an ornate altar of the Wu Jian Council.
   273 | D        | Found a sacrificial altar of Ru.
   273 | D        | Found a stormy altar of Qazlal.
   273 | D        | Found an iron altar of Okawaru.
   273 | D        | Found a sparkling altar of Nemelex Xobeh.
   273 | D        | Found a burning altar of Makhleb.
   273 | D        | Found a blossoming altar of Fedhas.
   273 | D        | Found a white marble altar of Elyvilon.
   273 | D        | Found a shadowy altar of Dithmenos.
   273 | D        | Found a snail-covered altar of Cheibriados.
   274 | D        | Found a radiant altar of Vehumet.
   274 | D        | Found a corrupted altar of Lugonu.
   275 | D        | Found an ancient bone altar of Kikubaaqudgha.
   275 | D        | Found a hide-covered altar of Uskayaw.
   275 | D        | Found a broken altar of Ashenzari.
   276 | D        | Became a worshipper of Sif Muna the Loreminder
   413 | D        | Noticed a floating eye
   416 | D        | Killed a floating eye
   416 | D        | Reached * piety under Sif Muna
   417 | D        | Reached skill level 5 in Stealth
   417 | D        | Reached skill level 7 in Spellcasting
   417 | D        | Reached skill level 5 in Transmutations
   417 | D        | Reached XP level 3. HP: 19/19 MP: 6/13
   417 | D        | Reached XP level 4. HP: 24/24 MP: 6/15
   422 | D        | Learned a level 3 spell: Stone Arrow
   427 | D        | Learned a level 4 spell: Petrify
   820 | D        | Reached ** piety under Sif Muna
   821 | D        | Reached skill level 1 in Conjurations
   953 | D        | Noticed a scorpion
   955 | D        | Killed a scorpion
   956 | D        | Reached skill level 1 in Fighting
   956 | D        | Reached XP level 5. HP: 30/30 MP: 13/17
  1002 | D        | Noticed a phantom
  1004 | D        | Killed a phantom
  1005 | D        | Reached skill level 8 in Spellcasting
  1146 | D        | Noticed an ogre
  1146 | D        | Noticed a black bear
  1153 | D        | Reached XP level 6. HP: 36/36 MP: 15/19
  1155 | D        | Reached *** piety under Sif Muna
  1159 | D        | Reached skill level 5 in Short Blades
  1159 | D        | Reached skill level 9 in Spellcasting
  1173 | D        | Reached skill level 5 in Conjurations
  1410 | D        | Noticed an orc warrior
  1696 | D        | Killed an orc warrior
  1696 | D        | Reached **** piety under Sif Muna
  1697 | D        | Reached skill level 10 in Spellcasting
  1697 | D        | Reached XP level 7. HP: 41/41 MP: 14/22
  2098 | D        | Noticed an orc high priest
  2099 | D        | Noticed an orange demon
  2104 | D        | Noticed an ice devil
  2104 | D        | Killed an orc high priest
  2105 | D        | Reached skill level 12 in Spellcasting
  2105 | D        | Reached skill level 10 in Earth Magic
  2105 | D        | Reached XP level 8. HP: 34/46 MP: 6/26
  2399 | D        | Reached ***** piety under Sif Muna
  2401 | D        | Received a gift from Sif Muna
  2402 | D        | Got Sif Muna's Progressing With Sorcery {god gift}
  2409 | D        | Learned a level 5 spell: Lee's Rapid Deconstruction
  2415 | D        | Learned a level 5 spell: Iskenderun's Battlesphere
  2691 | D        | Noticed Maurice
  2737 | D        | Killed Maurice
  2738 | D        | Reached skill level 13 in Spellcasting
  2980 | D        | Killed an unseen horror
  3385 | D        | Noticed a freezing wraith
  3389 | D        | Reached skill level 5 in Dodging
  3389 | D        | Reached skill level 10 in Conjurations
  3389 | D        | Killed a freezing wraith
  3390 | D        | Reached XP level 9. HP: 50/50 MP: 14/28
  3563 | D        | Reached skill level 14 in Spellcasting
  3575 | D        | Noticed an efreet
  3578 | D        | Killed an efreet
  3579 | D        | Noticed an ice devil
  3582 | D        | Killed an unseen horror
  3586 | D        | Received a gift from Sif Muna
  3588 | D        | Killed an ice devil
  4030 | D        | Learned a level 5 spell: Fireball
  4038 | D        | Learned a level 7 spell: Orb of Destruction
  4159 | D        | Noticed an elephant
  4161 | D        | Noticed an elephant
  4162 | D        | Reached skill level 1 in Fire Magic
  4165 | D        | Reached skill level 15 in Spellcasting
  4167 | D        | Killed an elephant
  4168 | D        | Reached XP level 10. HP: 26/56 MP: 2/31
  4172 | D        | Killed an elephant
  4173 | D        | Reached skill level 10 in Stealth
  4173 | D        | Reached skill level 10 in Transmutations
  4698 | D        | Noticed a boulder beetle
  4701 | D        | Received a gift from Sif Muna
  4818 | D        | Noticed a sun demon
  4822 | D        | Killed a sun demon
  4832 | D        | Killed a boulder beetle
  4833 | D        | Reached skill level 5 in Fire Magic
  4922 | D        | Reached skill level 16 in Spellcasting
  5199 | D        | Reached ****** piety under Sif Muna
  5214 | D        | Received a gift from Sif Muna
  5219 | D        | Got Sif Muna's Volume of Grey Momentum {god gift}
  5227 | D        | Learned a level 6 spell: Iron Shot
  5233 | D        | Learned a level 5 spell: Borgnjor's Vile Clutch
  5408 | D        | Reached skill level 1 in Necromancy
  5409 | D        | Slain by a shadow wraith

Illustrated notes

Levels and vault maps discovered:
D:        pitsprint [storerooms_1, entrance_room_1, metal_vault_4, armoury_1,
          mini_pit_1, grid_room_1, main_hall_1, silver_pit, the_coven_1,
          the_vestibule_1, steel_vault_4, golden_pit, hallway_of_sentries,
          crystal_vault_1, iron_vault_1, final_vault]

Skill      XL: |  1  2  3  4  5  6  7  8  9 10 |
---------------+-------------------------------+-----
Stealth        | 3 5 7 9 11 | 11.6
Spellcasting   | 4 7 8 10 12 13 15 16 | 16.3
Transmutations | 2 5 6 7 8 9 10 | 10.0
Earth Magic    | 4 6 7 8 10 11 | 11.6
Conjurations   | 2 3 5 9 10 11 12 | 12.6
Fighting       | 1 2 3 |  3.0
Short Blades   | 2 3 5 6 8 9 |  9.5
Dodging        | 5 |  5.0
Fire Magic     | 2 6 |  6.0
Necromancy     | 1 |  1.0

Action                     |  1- 3 |  4- 6 |  7- 9 | 10-12 || total
---------------------------+-------+-------+-------+-------++-------
  Melee: Dagger            |       |       |     3 |     4 ||     7
   Cast: Sandblast         |     6 |     7 |     2 |     3 ||    18
         Stone Arrow       |       |    14 |    32 |    29 ||    75
         Lee's Rapid Decon |       |       |     6 |     3 ||     9
         Iskenderun's Batt |       |       |     2 |     1 ||     3
         Petrify           |       |       |       |     5 ||     5
    Use: Potion            |       |       |     4 |     3 ||     7
         Scroll            |       |       |       |     1 ||     1
   Stab: Petrified         |       |       |       |     3 ||     3
         Petrifying        |       |       |       |     1 ||     1
 Armour: Robe              |       |       |     1 |     1 ||     2
  Dodge: Dodged            |       |       |     9 |     9 ||    18
